 Dungeon Crawl Stone Soup version 0.26-a0-771-g060e6a62af (webtiles) character file.

Game seed: 3066293490324026751

238 Conn the Firebug (level 6, -1/37 HPs)
             Began as an Octopode Fire Elementalist on Nov 8, 2020.
             Was a Follower of Sif Muna.
             Slain by Sigmund
             ... wielding a +3 scythe of freezing
              (5 damage)
             ... on level 4 of the Dungeon.
             The game lasted 00:07:13 (4702 turns).

Conn the Firebug (Octopode Fire Elementalist)       Turns: 4702, Time: 00:07:17

Health: -1/37      AC:  1    Str:  8    XL:     6   Next: 7%
Magic:  8/11       EV: 14    Int: 19    God:    Sif Muna [*.....]
Gold:   234        SH:  0    Dex: 12    Spells: 0/11 levels left

rFire    . . .     SeeInvis .   n - +1 dagger (holy)
rCold    . . .     Faith    .   (no shield)
rNeg     . . .     Spirit   .   (helmet restricted)
rPois    .         Reflect  .   (no amulet)
rElec    .         Harm     .   u - ring of resist corrosion
rCorr    +         Rampage  .   (no ring)
MR       .....                  (no ring)
Stlth    +++.......             (no ring)
HPRegen  0.12/turn              (no ring)
MPRegen  0.12/turn              (no ring)
                                (no ring)
                                (no ring)

@: no status effects
A: almost no armour, stealthy swim, amphibious, 8 rings, constrict 8, camouflage
1, gelatinous body 1
a: Channel Magic, Renounce Religion


You were on level 4 of the Dungeon.
You worshipped Sif Muna.
Sif Muna was aware of your devotion.
You visited 1 branch of the dungeon, and saw 4 of its levels.

You collected 234 gold pieces.

Inventory:

Hand Weapons
 i - a +0 dagger
 k - a +0 short sword
 n - a +1 dagger of holy wrath (weapon)
Missiles
 j - 27 poisoned darts (quivered)
Armour
 b - a +0 buckler
Jewellery
 m - an uncursed ring of ice
 u - a ring of resist corrosion (left tentacle)
Wands
 o - a wand of flame (7)
 q - a wand of acid (7)
Scrolls
 a - 5 scrolls of remove curse {unknown}
 c - 2 scrolls of enchant weapon {unknown}
 e - 2 scrolls of magic mapping {unknown}
 f - 4 scrolls of teleportation {unknown}
 p - 2 scrolls of immolation {unknown}
 t - a scroll of enchant armour {unknown}
 v - a scroll of identify {unknown}
Potions
 d - a potion of flight {unknown}
 g - 3 potions of haste {unknown}
 h - 2 potions of curing {unknown}
 l - 5 potions of magic {unknown}
 r - a potion of lignification {unknown}
 s - a potion of heal wounds {unknown}
 w - a potion of resistance {unknown}


   Skills:
 + Level 0.5 Fighting
 + Level 1.3 Short Blades
 + Level 0.1 Throwing
 + Level 2.6 Dodging
 + Level 3.6 Stealth
 * Level 3.4 Spellcasting
 * Level 2.4 Conjurations
 * Level 4.0 Fire Magic


You couldn't memorise any spells.
You knew the following spells:

 Your Spells              Type           Power        Failure   Level
a - Foxfire               Conj/Fire      ###.         3%          1
b - Conjure Flame         Conj/Fire      ###.....     12%         3
c - Inner Flame           Hex/Fire       ##......     19%         3
d - Sticky Flame          Conj/Fire      ###.....     36%         4

Your spell library contained the following spells:

 Spells                   Type           Power        Failure   Level
 Confusing Touch          Hex            #.......     41%         3
 Gell's Gravitas          Tloc           #.........   41%         3
 Fireball                 Conj/Fire      ###.......   71%         5
 Petrify                  Tmut/Erth      #.......     82%         4
 Metabolic Englaciation   Hex/Ice        #.........   99%         5
 Yara's Violent Unravell  Hex/Tmut       #.........   99%         5


Dungeon Overview and Level Annotations

Branches:
Dungeon (4/15)
 Temple: D:4-7

Altars:
Kikubaaqudgha
Sif Muna
Uskayaw

Annotations:
D:4 Sigmund


Innate Abilities, Weirdness & Mutations

You cannot wear most types of armour.
You are very stealthy in the water. (Stealth+)
You are amphibious.
You can wear up to eight rings at the same time.
You can use your tentacles to constrict eight enemies at once.
Your skin changes colour to match your surroundings (Stealth+).
Your rubbery body absorbs attacks. (AC +1, EV +1)


Message History

The foxfire hits Sigmund.
Sigmund is severely wounded.
Sigmund closely misses you.
Casting: Foxfire (safe; 3% risk of failure)
Confirm with . or Enter, or press ? or * to list all spells.
You conjure some foxfire!
The foxfire hits Sigmund.
Sigmund is severely wounded.
Sigmund hits you with a +3 scythe of freezing!
Sigmund freezes you.
The foxfire hits Sigmund.
Sigmund is almost dead.
Unknown command.
Casting: Foxfire (safe; 3% risk of failure)
Confirm with . or Enter, or press ? or * to list all spells.
You conjure some foxfire!
Sigmund's eyes start glowing with a red light.
Sigmund hits you with a +3 scythe of freezing!
* * * LOW HITPOINT WARNING * * *
Sigmund freezes you.
You die...

#. #....... #.
#....... #. ♣♣.♣#..#.
#. ♣P.♣♣..#. #.
♣.P♣♣....
#.#######♣...♣....
#........♣♣.P♣#.#.
######@#.#.## ♣♣.♣....
#...§@v......♣♣P.♣#..#
#.###v.###..#♣♣.♣♣#..#
..#.###.......#
♣.♣♣...†
#..........##.#
#......#
###.#.#..#.##.#
##.....# #.#.#.......#
#.....# #......#.#####
##...## ###.#........#
#.....
#.#.#..##..####..(.#


You could see Sigmund.

Vanquished Creatures
  A hound (D:4)
  Jessica (D:2)
  An orc wizard (D:4)
  Robin (D:2)
  4 adders
  A worm (D:2)
  2 leopard geckos (D:1)
  4 orcs (D:4)
  6 bats
  4 giant cockroaches (D:1)
  19 goblins
  8 hobgoblins
  14 jackals
  8 kobolds
  2 quokkas (D:2)
  A ball python (D:3)
  8 frilled lizards
  10 rats
95 creatures vanquished.

Vanquished Creatures (others)
  242 foxfires
242 creatures vanquished.

Grand Total: 337 creatures vanquished

Notes
Turn   | Place    | Note
-------+----------+-------------------------------------------
     0 | D:1      | Conn the Octopode Fire Elementalist began the quest for the
                  | Orb.
     0 | D:1      | Reached XP level 1. HP: 11/11 MP: 3/3
   158 | D:1      | Reached XP level 2. HP: 10/17 MP: 1/5
   691 | D:1      | Reached XP level 3. HP: 21/21 MP: 3/6
   696 | D:1      | Learned a level 3 spell: Conjure Flame
  1840 | D:2      | Reached XP level 4. HP: 27/27 MP: 6/8
  1904 | D:2      | Noticed Robin
  2235 | D:2      | Killed Robin
  2508 | D:2      | HP: 1/27 [worm (12)]
  2842 | D:2      | Noticed Jessica
  2853 | D:2      | Killed Jessica
  2853 | D:2      | Reached XP level 5. HP: 26/32 MP: 9/9
  3252 | D:2      | Found a shimmering blue altar of Sif Muna.
  3261 | D:2      | Became a worshipper of Sif Muna the Loreminder
  3483 | D:3      | Found an ancient bone altar of Kikubaaqudgha.
  4074 | D:3      | Reached skill level 1 in Short Blades
  4395 | D:4      | Reached * piety under Sif Muna
  4401 | D:4      | Reached skill level 4 in Fire Magic
  4401 | D:4      | Reached XP level 6. HP: 37/37 MP: 2/11
  4521 | D:4      | Found a hide-covered altar of Uskayaw.
  4631 | D:4      | Learned a level 3 spell: Inner Flame
  4636 | D:4      | Learned a level 4 spell: Sticky Flame
  4695 | D:4      | Noticed Sigmund
  4702 | D:4      | Slain by Sigmund

Illustrated notes

Levels and vault maps discovered:
D:1:      lemuel_arrival_rhombus, layout_loops_corners, minmay_tromino_v4_c
D:2:      layout_loops_ring, lemuel_coloured_pillars_altar,
          chequers_serial_rivers_micro_a, uniq_jessica, uniq_robin
D:3:      layout_loops_corners, nicolae_overflow_crystal_walls
D:4:      layout_loops_cross, overflow_temple_1_default, serial_forest,
          infiniplex_forest_straight_3, infiniplex_forest_zigzag_1,
          infiniplex_forest_zigzag_1, infiniplex_forest_split,
          infiniplex_forest_lined_3_way, uniq_natasha, uniq_ijyb, uniq_sigmund

Skill      XL: |  1  2  3  4  5 |
---------------+----------------+-----
Stealth        | 3 |  3.6
Spellcasting   | 3 |  3.4
Short Blades   | 1 |  1.3
Conjurations   | 2 |  2.4
Fire Magic     | 4 |  4.0
Fighting       | |  0.5
Throwing       | |  0.1
Dodging        | |  2.6

Action                   |  1- 3 |  4- 6 || total
-------------------------+-------+-------++-------
Melee: Unarmed           |    32 |       ||    32
       Constrict         |    14 |     4 ||    18
       Tentacles         |     7 |     2 ||     9
       Short sword       |    14 |     2 ||    16
       Dagger            |       |    11 ||    11
Throw: Dart              |       |     2 ||     2
 Cast: Foxfire           |    53 |    91 ||   144
 Stab: Sleeping          |     7 |     1 ||     8
Armor: Skin              |    11 |     5 ||    16
Dodge: Dodged            |    43 |    32 ||    75

Table legend: (Time is in decaauts)
 A = Elapsed time spent in this place.
 B = Non-inter-level travel time spent in this place.
 C = Inter-level travel time spent in this place.
 D = Time resting spent in this place.
 E = Time spent auto-exploring this place.
 F = Levels seen in this place.
 G = Mean time per level.
                   A        B        C        D        E       F      G
               +--------+--------+--------+--------+--------+-----+--------+
         Total |   4700 |   4610 |     90 |    597 |   3071 |   4 | 1175.0 |
       Dungeon |   4700 |   4610 |     90 |    597 |   3071 |   4 | 1175.0 |
               +--------+--------+--------+--------+--------+-----+--------+

Top non-repeatable levels by time:
     D:2: 1701 daAuts
     D:1: 1608 daAuts
     D:3: 1056 daAuts
     D:4: 333 daAuts
